 Dungeon Crawl Stone Soup version 0.31.0-32-g396128a36d (webtiles) character file.

Game seed: 18445333512166990240

301 hawla the Chucker (level 6, -7/50 HPs)
             Began as a Minotaur Gladiator on Apr 12, 2024.
             Mangled by a gnoll
             ... wielding a +0 flail
             ... led by a gnoll bouda
              (11 damage)
             ... on level 4 of the Dungeon.
             The game lasted 00:03:35 (1418 turns).

hawla the Chucker (Minotaur Gladiator)              Turns: 1418, Time: 00:03:35

Health: -7/50      AC:  5    Str: 16 (19) XL:     6   Next: 14%
Magic:  5/5        EV: 11    Int:  2 (5)  God:
Gold:   159        SH:  0    Dex: 12 (13) Spells: 5/5 levels left

rFire   . . .        a - +0 long sword
rCold   . . .        (no shield)
rNeg    . . .        m - +0 ring mail
rPois   .            c - +0 hat
rElec   .            (no cloak)
rCorr   .            (no gloves)
SInv    .            (no boots)
Will    .....        (no amulet)
Stlth   +            (no ring)
HPRegen 0.28/turn    (no ring)
MPRegen 0.09/turn

%: no passive effects
@: attractive
A: horns 2, retaliatory headbutt
a: no special abilities


You were on level 4 of the Dungeon.
You visited 1 branch of the dungeon, and saw 3 of its levels.

You collected 159 gold pieces.

Inventory:

Hand Weapons
 a - a +0 long sword (weapon)
Missiles
 d - 3 throwing nets (quivered)
 e - a javelin
 o - 5 poisoned darts
Armour
 c - a +0 hat (worn)
 m - a +0 ring mail (worn)
Scrolls
 b - a scroll of torment {unknown}
 f - a scroll of amnesia {unknown}
 h - a scroll of teleportation
 k - 2 scrolls of vulnerability {unknown}
 l - a scroll of immolation {unknown}
 n - 4 scrolls of identify {unknown}


   Skills:
 - Level 2.4 Fighting
 - Level 3.6 Long Blades
 + Level 6.5 Throwing
 - Level 3.2 Dodging


You had 5 spell levels left.
You didn't know any spells.
Your spell library was empty.

Dungeon Overview and Level Annotations

Branches:
Dungeon (2/15)

Altars:
Sif Muna

Annotations:
D:2 Jessica


Innate Abilities, Weirdness & Mutations

You have a pair of horns on your head.
You reflexively headbutt those who attack you in melee.


Message History

The gnoll hits you with a +0 whip.
* * * LOW HITPOINT WARNING * * *
You barely miss the gnoll.
The gnoll is severely wounded.
The gnoll closely misses you.
You closely miss the gnoll.
The gnoll is severely wounded.
The gnoll closely misses you.
You barely miss the gnoll. You headbutt the gnoll.
You kill the gnoll!
The gnoll barely misses you.
You closely miss the gnoll. Your headbutt misses the gnoll.
The gnoll barely misses you.
You barely miss the gnoll. The gnoll misses you.
You hit the gnoll but do no damage.
You headbutt the gnoll, but do no damage.
The gnoll is no longer moving quickly.
The gnoll hits you with a +0 club.
* * * LOW HITPOINT WARNING * * *
You closely miss the gnoll. The gnoll misses you.
The gnoll hits you but does no damage.
You barely miss the gnoll.
You headbutt the gnoll, but do no damage.
The gnoll barely misses you.
You slash the gnoll!
The gnoll is heavily wounded.
The gnoll is no longer moving quickly.
The gnoll hits you but does no damage.
You closely miss the gnoll. Your headbutt misses the gnoll.
The gnoll is heavily wounded.
The gnoll barely misses you.
You slash the gnoll!
You kill the gnoll!
You aren't carrying any items that you can evoke.
You hit the gnoll.
The gnoll is heavily wounded.
The gnoll hits you with a +0 flail!
* * * LOW HITPOINT WARNING * * *
You closely miss the gnoll.
The gnoll is heavily wounded.
The gnoll hits you with a +0 flail!
You die...

.................
........##.....#
.........#.....#
...............#
###........##
#.......#..#####
#gg##..........##.
#g#######.........
#@# #......... ###
#.........
##.....### #.....#
#######


You could see 2 gnolls and a hobgoblin.

Vanquished Creatures
  Sigmund (D:2)
  A gnoll bouda (D:4)
  6 gnolls
  An adder (D:2)
  2 dart slugs
  2 ball pythons
  2 bats (D:2)
  4 endoplasms
  2 giant cockroaches
  3 goblins
  2 hobgoblins
  5 kobolds
  3 quokkas
  2 frilled lizards (D:1)
  2 rats (D:1)
38 creatures vanquished.

Notes
Turn   | Place    | Note
-------+----------+-------------------------------------------
     0 | D:1      | hawla the Minotaur Gladiator began the quest for the Orb.
     0 | D:1      | Reached XP level 1. HP: 18/18 MP: 0/0
   108 | D:1      | Reached XP level 2. HP: 22/25 MP: 1/1
   276 | D:1      | Reached skill level 3 in Throwing
   804 | D:2      | Found a shimmering blue altar of Sif Muna.
   840 | D:2      | Reached XP level 3. HP: 19/30 MP: 2/2
   968 | D:1      | Reached skill level 4 in Throwing
  1062 | D:2      | Reached XP level 4. HP: 29/37 MP: 3/3
  1129 | D:2      | Noticed Sigmund
  1158 | D:2      | Killed Sigmund
  1159 | D:2      | Reached skill level 6 in Throwing
  1159 | D:2      | Reached XP level 5. HP: 26/42 MP: 4/4
  1257 | D:2      | Noticed Jessica
  1367 | D:2      | You fall into a shaft and drop 2 floors!
  1404 | D:4      | Reached XP level 6. HP: 12/50 MP: 5/5
  1418 | D:4      | Mangled by a gnoll

Illustrated notes

Levels and vault maps discovered:
D:1:      denvon_arrival_planthouse, layout_loops_cross, patterned_corridor
D:2:      layout_rooms, basic_altar, minmay_gold_behind_fungi,
          chequers_decorated_corner, corexii_leaking_fountain,
          uniq_crazy_yiuf_cottage, uniq_sigmund, uniq_jessica, uniq_natasha
D:4:      layout_rooms, mainiacjoe_overflow_alcove_1, serial_shops,
          shop_fountains

Skill      XL: |  1  2  3  4 |
---------------+-------------+-----
Throwing       | 3 4 6 |  6.5
Fighting       | |  2.4
Long Blades    | |  3.6
Dodging        | |  3.2

Action                     |  1- 3 |  4- 6 || total
---------------------------+-------+-------++-------
  Melee: Long sword        |    60 |    52 ||   112
         Headbutt          |     7 |    10 ||    17
         Punch             |       |     1 ||     1
  Throw: Throwing net      |     2 |       ||     2
    Use: Potion            |       |     4 ||     4
         Scroll            |       |     1 ||     1
   Stab: Sleeping          |     1 |       ||     1
 Armour: Leather armour    |    11 |       ||    11
         Ring mail         |    36 |    34 ||    70
  Dodge: Dodged            |    42 |    42 ||    84
